 Dungeon Crawl Stone Soup version 0.21.1-1-g345015f (webtiles) character file.

25 inc the Vexing (level 2, 0/11 HPs)
             Began as a Felid Enchanter on Feb 28, 2018.
             Slain by a worm (11 damage)
             ... on level 2 of the Dungeon.
             The game lasted 00:02:02 (1039 turns).

inc the Vexing (Felid Enchanter)                    Turns: 1039, Time: 00:02:03

Health: 0/11       AC:  1    Str:  4    XL:     2   Next: 86%
Magic:  6/6        EV: 18    Int: 16    God:
Gold:   36         SH:  0    Dex: 16    Spells: 4/5 levels left
                                        Lives:  0   Deaths: 0

rFire    . . .     SeeInvis +     - Unarmed
rCold    . . .     Gourm    .   (shield unavailable)
rNeg     . . .     Faith    .   (armour unavailable)
rPois    .         Spirit   .   (helmet unavailable)
rElec    .         Reflect  .   (cloak unavailable)
rCorr    .         Harm     .   (gloves unavailable)
MR       .....                  (boots unavailable)
Stlth    +++.......             (no amulet)
HPRegen  0.03/turn              (no ring)
MPRegen  0.10/turn              (no ring)

@: quick
A: very small, no armour, no weapons or thrown items, stealth, claws 1, fangs 3,
see invisible, carnivore, speed 1, shaggy fur 1, slow metabolism 1, sharp paws
a: no special abilities


You were on level 2 of the Dungeon.
You were not hungry.

You visited 1 branch of the dungeon, and saw 2 of its levels.

You collected 36 gold pieces.

Inventory:

Jewellery
 f - a cursed ring of loudness {unknown}
Scrolls
 d - a scroll of magic mapping {unknown}
 e - a scroll of fear {unknown}
 g - a scroll of random uselessness {unknown}
 h - a scroll of blinking {unknown}
 j - a scroll of identify {unknown}
Potions
 c - a potion of ambrosia {unknown}
 i - a potion of agility {unknown}
Books
 a - a book of Maledictions

   Spells                             Type                      Level
   a - Corona                         Hexes                        1
   b - Ensorcelled Hibernation        Hexes/Ice                    2
   c - Confuse                        Hexes                        3
   d - Tukima's Dance                 Hexes                        3
   e - Dazzling Spray                 Conjuration/Hexes            3
Comestibles
 b - 5 rations


   Skills:
 - Level 2.6 Dodging
 - Level 4.0 Stealth
 + Level 2.9 Unarmed Combat
 - Level 2.0 Spellcasting
 - Level 4.4 Hexes


You had 4 spell levels left.
You knew the following spells:

 Your Spells              Type           Power        Failure   Level  Hunger
a - Corona                Hex            ###....      3%          1    #......


Dungeon Overview and Level Annotations

Branches:
Dungeon (2/15)

Altars:
Cheibriados
Ru


Innate Abilities, Weirdness & Mutations

You cannot wear armour.
You are incapable of wielding weapons or throwing items.
Your paws allow you to move quietly. (Stealth)
You have sharp claws.
You have razor-sharp teeth.
You have supernaturally acute eyesight. (SInv)
You are carnivorous and can eat meat at any time.
You cover ground quickly.
You are covered in fur. (AC +1)
You have a slow metabolism.
Your sharp claws are effective at attacking unaware monsters.


Message History

A giant cockroach is nearby!
There is a stone staircase leading down here.
A worm comes into view.
The giant cockroach completely misses you.
You scratch the giant cockroach but do no damage.
The giant cockroach misses you.
The giant cockroach bites you but does no damage.
You scratch the giant cockroach. You bite the giant cockroach.
The giant cockroach is almost dead.
The giant cockroach completely misses you.
You scratch the giant cockroach.
You kill the giant cockroach!
You see here a giant cockroach corpse.
You scratch the worm but do no damage. You bite the worm.
The worm is lightly wounded.
You scratch the worm.
The worm is moderately wounded.
The worm bites you!
Ouch! That really hurt!
You die...

.#...#.###### #...#
.........######...#
................>.#
.#.#.#.#.####.#...#
.#.#.#...# #.#...#
.#...##..# # #...#
#....#..# #...#
#.##.##.# #...# ...
#.# .. #.@.# ###
#.# #.w.# #.# #...#
#.# #...##########
#.# #...##........
#.#####.#
######........
#####.......#
#........
.....#####....#
####........
......####....#
#.(.........


You could see a worm.

Vanquished Creatures
  A bat (D:2)
  4 giant cockroaches
  3 goblins
  3 hobgoblins
  A quokka (D:2)
  A frilled lizard (D:1)
  8 kobolds
21 creatures vanquished.

Notes
Turn   | Place    | Note
-------+----------+-------------------------------------------
     0 | D:1      | inc the Felid Enchanter began the quest for the Orb.
     0 | D:1      | Reached XP level 1. HP: 7/7 MP: 4/4
   291 | D:1      | Reached XP level 2. HP: 11/11 MP: 6/6
   745 | D:2      | Found a snail-covered altar of Cheibriados.
   746 | D:2      | Found a sacrificial altar of Ru.
  1039 | D:2      | Slain by a worm

Skill      XL: |  1 |
---------------+----+-----
Unarmed Combat | 2 |  2.9
Dodging        | |  2.6
Stealth        | |  4.0
Spellcasting   | |  2.0
Hexes          | |  4.4

Action                   || total
-------------------------++-------
Melee: Unarmed           ||    84
       Bite              ||     8
 Cast: Corona            ||     6
 Stab: Sleeping          ||     3
  Eat: Chunk             ||     2
Armor: Skin              ||     3
Dodge: Dodged            ||    91
